 Dungeon Crawl Stone Soup version 0.23.2-1-ga50397a6bc (webtiles) character file.

Game seed: 12985112094954587078

78946 Ethylacetat the Spear-Bearer (level 15, -2/125 HPs)
             Began as a Demonspawn Gladiator on May 2, 2019.
             Was an Elder of Vehumet.
             Slain by a +1 halberd of venom (6 damage)
             ... on level 1 of the Abyss.
             The game lasted 01:41:06 (36043 turns).

Ethylacetat the Spear-Bearer (DsGl)                Turns: 36043, Time: 01:41:07

Health: -2/125     AC: 24    Str: 20    XL:     15   Next: 19%
Magic:  27/27      EV: 11    Int: 17    God:    Vehumet [****..]
Gold:   2295       SH:  0    Dex: 17    Spells: 24/30 levels left

rFire    . . .     SeeInvis +   a - +0 trident
rCold    + . .     Gourm    +   (no shield)
rNeg     . . .     Faith    .   H - +4 ring mail of Pamn {rPois rC+ Str+4}
rPois    +         Spirit   .   G - +1 hat {Int+3}
rElec    .         Reflect  .   N - +2 cloak {rPois}
rCorr    .         Harm     .   U - +0 pair of gloves
MR       +....                  Q - +2 pair of boots
Stlth    ++........             L - amulet of the gourmand
HPRegen  0.30/turn              M - ring of see invisible
MPRegen  0.20/turn              B - +4 ring of protection

@: heavily drained
A: talons 2, thin metallic scales 2, camouflage 1, demonic guardian 2, powered
by death 3, strong 1
a: Renounce Religion


You were on level 1 of the Abyss.
You worshipped Vehumet.
Vehumet was greatly pleased with you.
You were completely stuffed.

You visited 4 branches of the dungeon, and saw 21 of its levels.
You visited the Abyss 1 time.
You also visited: Sewer and Ice Cave.

You collected 2295 gold pieces.

Inventory:

Hand Weapons
 a - a +0 trident (weapon)
 l - a +2 dagger of venom
Missiles
 d - 3 throwing nets (quivered)
Armour
 b - +0 ice dragon scales
 G - a +1 hat of intelligence (worn)
 H - the +4 ring mail of Pamn (worn) {rPois rC+ Str+4}
   (You found it on level 6 of the Dungeon)

   It affects your strength (+4).
   It protects you from cold.
   It protects you from poison.
 N - a +2 cloak of poison resistance (worn)
 Q - a +2 pair of boots (worn)
 U - a +0 pair of gloves (worn)
Magical Staves
 p - an uncursed staff of earth
Jewellery
 h - an uncursed ring of resist corrosion
 B - a +4 ring of protection (right hand)
 L - an amulet of the gourmand (around neck)
 M - a ring of see invisible (left hand)
 S - an uncursed amulet of magic regeneration
Wands
 s - a wand of acid (10)
 z - a wand of flame (26)
 O - a wand of paralysis (9)
 R - a wand of iceblast (16)
 V - a wand of scattershot (4)
 X - a wand of clouds (5)
Scrolls
 e - 11 scrolls of remove curse
 i - 3 scrolls of magic mapping
 k - 4 scrolls of immolation
 o - 6 scrolls of fear
 q - 3 scrolls of identify
 r - 3 scrolls of blinking
 y - 4 scrolls of amnesia
 A - 6 scrolls of enchant weapon
 C - 4 scrolls of teleportation
 F - 2 scrolls of enchant armour
 K - 2 scrolls of summoning
 P - a scroll of brand weapon
 T - a scroll of noise
 W - a scroll of vulnerability
Potions
 c - a potion of brilliance
 g - a potion of invisibility
 m - 2 potions of berserk rage
 n - 3 potions of resistance
 t - 3 potions of cancellation
 v - 3 potions of agility
 w - a potion of lignification
 D - 3 potions of mutation
 I - a potion of magic
 J - 7 potions of curing
Miscellaneous
 u - a lamp of fire
 Z - a lightning rod (4/4)
Comestibles
 f - 31 rations


   Skills:
 * Level 13.9(11.7) Fighting
 * Level 14.0(11.8) Polearms
 - Level 1.7(0.1) Throwing
 - Level 2.6(1.0) Dodging
 + Level 8.3(6.4) Spellcasting
 + Level 9.1(7.1) Conjurations
 + Level 8.4(6.4) Earth Magic
 + Level 9.1(7.2) Evocations


You had 24 spell levels left.
You knew the following spells:

 Your Spells              Type           Power        Failure   Level  Hunger
a - Iron Shot             Conj/Erth      ####......   43%         6    #######

Your spell library contained the following spells:

 Spells                   Type           Power        Failure   Level  Hunger
 Fulminant Prism          Conj/Hex       ###.......   13%         4    ####...
 Shock                    Conj/Air       ###.         1%          1    None
 Static Discharge         Conj/Air       ###.....     4%          3    ##.....
 Confusing Touch          Hex            #.....       22%         1    None
 Summon Small Mammal      Summ           #...         22%         1    None
 Bolt of Magma            Conj/Fire/Erth ###.......   24%         5    #####..
 Call Imp                 Summ           #.......     32%         2    None
 Swiftness                Chrm/Air       #.......     32%         2    None
 Iskenderun's Battlesphe  Conj/Chrm      ###.....     32%         5    #####..
 Lightning Bolt           Conj/Air       ###.......   32%         5    #####..
 Venom Bolt               Conj/Pois      ###.......   32%         5    #####..
 Airstrike                Air            #.........   45%         4    ####...
 Petrify                  Tmut/Erth      ###.....     50%         4    ####...
 Call Canine Familiar     Summ           #.......     54%         3    ##.....
 Confuse                  Hex            #.......     54%         3    ##.....
 Gell's Gravitas          Tloc           #.........   54%         3    ##.....
 Summon Guardian Golem    Hex/Summ       #.......     54%         3    ##.....
 Yara's Violent Unravell  Hex/Tmut       #.........   78%         5    #####..
 Orb of Destruction       Conj           ####......   90%         7    #######
 Summon Ice Beast         Ice/Summ       #.......     91%         4    ####...
 Summon Lightning Spire   Summ/Air       #.......     91%         4    ####...
 Metabolic Englaciation   Hex/Ice        #.........   99%         5    #####..
 Spellforged Servitor     Conj/Summ      ###.......   100%        7    #######


Dungeon Overview and Level Annotations

Branches:
Dungeon (12/15)            Temple (1/1) D:7            Lair (6/6) D:9
 Shoals (0/4) Lair:3        Snake (0/4) Lair:4        Slime (0/5) Lair:5
    Orc (2/2) D:11
    Elf: Orc:2

Altars:
Ashenzari
Cheibriados
Dithmenos
Elyvilon
Fedhas
Gozag
Hepliaklqana
Kikubaaqudgha
Makhleb
Nemelex Xobeh
Okawaru
Qazlal
Ru
Sif Muna
Trog
Uskayaw
Vehumet
Wu Jian
Xom
Yredelemnul
Zin
The Shining One
Jiyva

Shops:
D:6 [

Annotations:
D:12 1 runed translucent door, sallazang's ghost, journeyman HOFi
Lair:4 3 runed translucent doors, Meegle's ghost, journeyman DEFE
Orc:2 Sonja


Innate Abilities, Weirdness & Mutations

You have razor-sharp toenails.
You are mostly covered in thin metallic scales. (AC +3)
A demonic guardian rushes to your aid.
You regenerate a lot of health from kills.
Your skin changes colour to match your surroundings (Stealth+).
Your muscles are strong. (Str +2)


Message History

* * * LOW HITPOINT WARNING * * *
Found 2 potions of curing and a wand of random effects (18).
A starcursed mass comes into view.
Found 62 gold pieces.
The starcursed mass shrieks in your mind.
* * * LOW HITPOINT WARNING * * *
The starcursed mass shrieks in your mind.
* * * LOW HITPOINT WARNING * * *
The +1 halberd of venom barely misses you.
The small abomination misses you.
You see here 2 potions of curing.
J - 7 potions of curing (gained 2)
A starcursed mass splits.
The +1 halberd of venom hits you but does no damage.
The small abomination hits you but does no damage.
A starcursed mass splits.
A chorus of shrieks assaults your mind.
* * * LOW HITPOINT WARNING * * *
The +1 halberd of venom hits you from afar.
You die...

##.##...#..###.
##.##..3.#.# .
###.###..##..#
##...3###...###
#...#...#...#
#..#.....##..#
#....#XXX(#...#
.....#.##.x.#
..####..X.@.#
###....#.#.....#
#...#..##...##
..$#..# #..#
.##... ..# ....#
..# ##.. .# .#


You could see 3 starcursed masses, a large abomination, a small abomination, a
+1 halberd of venom and a friendly smoke demon.

Vanquished Creatures
  A bone dragon (Abyss:1)
  A dire elephant (Lair:6)
  A fire dragon (Lair:6)
  Harold (D:7)
  4 hydras
  Erica (Lair:1)
  A catoblepas (Lair:6)
  5 two-headed ogres
  5 death yaks
  An orc high priest (Orc:1)
  A soul eater (Abyss:1)
  A sixfirhy (Abyss:1)
  An unseen horror (D:12)
  2 lindwurms (Lair:6)
  5 ugly things
  3 orc knights
  4 orc sorcerers
  A cyclops (D:11)
  Joseph (D:7)
  A centaur zombie (D:11)
  3 torpor snails (Lair:6)
  7 black mambas
  2 ice statues (IceCv)
  12 spiny frogs
  5 elephants
  2 gargoyles (D:8)
  4 komodo dragons
  2 centaur skeletons
  3 rime drakes
  2 tyrant leeches (Lair:6)
  8 hornets
  3 polar bears
  A raiju (Abyss:1)
  6 trolls
  2 dream sheep (Lair:6)
  11 blink frogs
  11 hippogriffs
  Sigmund (D:5)
  6 wyverns
  36 yaks
  A vampire (D:9)
  A steam dragon (D:11)
  A hungry ghost (D:7)
  3 basilisks
  2 wargs
  2 nagas (Lair:4)
  2 soldier ants (D:9)
  A hell hound (Lair:5)
  6 water moccasins
  11 porcupines
  14 orc warriors
  6 sky beasts
  4 phantoms
  8 ice beasts
  2 black bears
  3 eyes of draining
  9 ogres
  2 necrophages (D:8)
  13 wolves
  A small abomination (Abyss:1)
  11 centaurs
  15 crocodiles
  2 big kobolds
  11 bullfrogs
  2 scorpions
  8 killer bees
  2 howler monkeys (D:7)
  6 wights
  A crimson imp (D:10)
  A bullfrog zombie (D:7)
  A quasit (D:12)
  4 hounds
  6 jellies
  16 orc priests
  Crazy Yiuf (D:7)
  4 bullfrog skeletons
  6 iguanas
  11 orc wizards
  5 worker ants
  2 hound skeletons
  A howler monkey zombie (D:9)
  A worker ant zombie (D:8)
  4 gnolls
  8 adders
  3 shadow imps
  An adder zombie (D:6)
  2 oozes
  An adder skeleton (D:8)
  2 worms
  3 dart slugs
  6 leopard geckos
  55 orcs
  18 bats
  7 giant cockroaches
  14 hobgoblins
  5 quokkas
  A ball python (D:4)
  4 frilled lizards
  12 goblins
  20 kobolds
  A leopard gecko zombie (D:8)
  7 rats
551 creatures vanquished.

Vanquished Creatures (collateral kills)
  Rupert (Orc:2)
  Gastronok (Lair:3)
  A dire elephant (Lair:6)
  Snorg (Lair:5)
  A great orb of eyes (Abyss:1)
  A hydra (Lair:5)
  Urug (Lair:3)
  7 death yaks
  A lindwurm (Lair:6)
  An orc knight (Orc:1)
  2 manticores (Lair:6)
  8 elephants
  An ice statue (IceCv)
  A black mamba (Lair:5)
  2 torpor snails (Lair:6)
  2 centaur skeletons
  A smoke demon (Abyss:1)
  4 spiny frogs
  3 gargoyles (D:8)
  5 rime drakes
  3 komodo dragons
  Grinder (D:3)
  2 tyrant leeches (Lair:6)
  3 hornets (Lair:6)
  2 blink frogs
  9 hippogriffs
  A polar bear (Lair:6)
  A ynoxinul (Abyss:1)
  18 yaks
  5 wyverns (Lair:5)
  4 basilisks
  2 porcupines (Lair:3)
  A water moccasin (Lair:6)
  2 hell hounds (Lair:5)
  3 orc warriors
  2 ice beasts (IceCv)
  3 wolves
  A centaur (Lair:3)
  2 crocodiles
  A killer bee (D:9)
  A howler monkey (D:5)
  2 wights (D:8)
  A crimson imp (D:5)
  4 hounds
  3 orc priests
  3 orc wizards
  2 hound zombies
  A howler monkey zombie (D:9)
  2 adders (D:3)
  A white imp (Abyss:1)
  A leopard gecko (D:6)
  11 orcs
  2 fungi
145 creatures vanquished.

Vanquished Creatures (others)
  A bullfrog (D:11)
  An orc priest (Orc:2)
  11 fungi
  29 plants
  2 withered plants (D:12)
44 creatures vanquished.

Grand Total: 740 creatures vanquished

Notes
Turn   | Place    | Note
-------+----------+-------------------------------------------
     0 | D:1      | Ethylacetat the Demonspawn Gladiator began the quest for
                  | the Orb.
     0 | D:1      | Reached XP level 1. HP: 16/16 MP: 1/1
    62 | D:1      | Reached skill level 3 in Polearms
    64 | D:1      | Gained mutation: You have sharp toenails. [demonic
                  | ancestry]
    64 | D:1      | Reached XP level 2. HP: 12/22 MP: 2/2
   242 | D:1      | Gained mutation: A weak demonic guardian rushes to your
                  | aid. [demonic ancestry]
   242 | D:1      | Reached XP level 3. HP: 27/28 MP: 3/3
   551 | D:2      | You fall through a shaft for 2 floors!
   597 | D:4      | Reached skill level 4 in Polearms
   597 | D:4      | Gained mutation: You are partially covered in thin metallic
                  | scales. (AC +2) [demonic ancestry]
   597 | D:4      | Reached XP level 4. HP: 35/35 MP: 4/4
   838 | D:4      | Reached XP level 5. HP: 26/41 MP: 5/5
   844 | D:4      | Found a glowing drain.
   862 | Sewer    | Entered a sewer
  1015 | Sewer    | Noticed a crocodile
  1028 | Sewer    | Killed a crocodile
  1028 | Sewer    | Reached skill level 5 in Polearms
  1328 | D:3      | Noticed an orc warrior
  1350 | D:3      | Gained mutation: You have razor-sharp toenails. [demonic
                  | ancestry]
  1350 | D:3      | Reached XP level 6. HP: 31/48 MP: 6/6
  1372 | D:3      | Killed an orc warrior
  1391 | D:3      | Noticed Grinder
  1444 | D:3      | Killed Grinder
  1444 | D:3      | Reached skill level 6 in Polearms
  1458 | D:3      | Found a hide-covered altar of Uskayaw.
  1459 | D:3      | Noticed a +0 dagger
  1460 | D:3      | Noticed a +0 dagger
  1861 | D:2      | Reached XP level 7. HP: 55/55 MP: 7/7
  2117 | D:5      | Entered Level 5 of the Dungeon
  2242 | D:5      | Reached skill level 5 in Fighting
  2246 | D:5      | Noticed Sigmund
  2255 | D:5      | Reached skill level 7 in Polearms
  2270 | D:5      | Killed Sigmund
  2270 | D:5      | Gained mutation: You regenerate a little health from kills.
                  | [demonic ancestry]
  2270 | D:5      | Reached XP level 8. HP: 64/64 MP: 8/8
  2278 | D:5      | Reached skill level 8 in Polearms
  2559 | D:5      | Learned a level 6 spell: Iron Shot
  2627 | D:5      | Found a glowing silver altar of Zin.
  2855 | D:6      | Found Luikhlaso's Antique Armour Emporium.
  3128 | D:6      | Reached skill level 1 in Evocations
  3175 | D:6      | Reached skill level 1 in Spellcasting
  3175 | D:6      | Reached skill level 1 in Conjurations
  3236 | D:6      | Reached skill level 1 in Earth Magic
  3505 | D:6      | Got a brightly glowing ring mail
  3516 | D:6      | Identified the +4 ring mail of Pamn {rPois rC+ Str+4} (You
                  | found it on level 6 of the Dungeon)
  3996 | D:7      | Found a staircase to the Ecumenical Temple.
  4145 | D:7      | Noticed Harold
  4166 | D:7      | Killed Harold
  4166 | D:7      | Gained mutation: You are mostly covered in thin metallic
                  | scales. (AC +3) [demonic ancestry]
  4166 | D:7      | Reached XP level 9. HP: 19/72 MP: 10/12
  4594 | D:7      | Reached skill level 9 in Polearms
  4740 | D:7      | Found a hazy altar of Hepliaklqana.
  4740 | D:7      | Found a blossoming altar of Fedhas.
  4966 | D:7      | Found a runed translucent door.
  4967 | D:7      | Noticed Crazy Yiuf
  5012 | D:7      | Noticed Joseph
  5046 | D:7      | Killed Joseph
  5421 | D:7      | Killed Crazy Yiuf
  6093 | D:8      | Reached XP level 10. HP: 73/80 MP: 14/14
  6717 | D:8      | Found a glowing golden altar of the Shining One.
  7498 | D:8      | Noticed a gargoyle
  7531 | D:8      | Killed a gargoyle
  7696 | D:8      | Noticed a gargoyle
  7715 | D:8      | Killed a gargoyle
  7729 | D:8      | Noticed a gargoyle
  7775 | D:8      | Killed a gargoyle
  7775 | D:8      | Reached skill level 10 in Polearms
  7972 | D:8      | Noticed a gargoyle
  7992 | D:8      | Killed a gargoyle
  8182 | D:8      | Noticed a gargoyle
  8200 | D:8      | Killed a gargoyle
  9749 | D:9      | Gained mutation: You regenerate health from kills. [demonic
                  | ancestry]
  9749 | D:9      | Reached XP level 11. HP: 60/88 MP: 17/17
 10353 | D:9      | Noticed a death yak
 10355 | D:9      | Noticed a death yak
 10420 | D:9      | Killed a death yak
 10463 | D:9      | Killed a death yak
 10463 | D:9      | Reached skill level 5 in Evocations
 10496 | D:9      | Reached skill level 5 in Conjurations
 10556 | D:9      | Found a staircase to the Lair.
 10556 | D:9      | Noticed a death yak
 10608 | D:9      | Killed a death yak
 10608 | D:9      | Reached skill level 10 in Fighting
 10827 | D:10     | Entered Level 10 of the Dungeon
 11081 | D:10     | Paralysed by a hornet for 3 turns
 11132 | D:10     | Reached skill level 11 in Polearms
 11837 | D:10     | Reached skill level 5 in Spellcasting
 11963 | D:11     | Noticed a two-headed ogre
 11973 | D:11     | Killed a two-headed ogre
 11973 | D:11     | Reached skill level 5 in Earth Magic
 12573 | D:11     | Reached XP level 12. HP: 78/97 MP: 6/19
 12609 | D:11     | Found a staircase to the Orcish Mines.
 12735 | D:11     | Noticed a two-headed ogre
 12780 | D:11     | Killed a two-headed ogre
 14311 | D:12     | Noticed a two-headed ogre
 14683 | D:11     | Killed a two-headed ogre
 15365 | D:12     | Found a runed translucent door.
 15366 | D:12     | Noticed sallazang's ghost (journeyman HOFi)
 15468 | D:12     | Noticed a two-headed ogre
 16093 | D:11     | Killed a two-headed ogre
 16747 | Lair:1   | Entered Level 1 of the Lair of Beasts
 17195 | D:9      | Reached skill level 12 in Polearms
 17435 | Lair:1   | Noticed Erica
 17451 | Lair:1   | Killed Erica
 18344 | Lair:2   | Found a frozen archway.
 18355 | IceCv    | Entered an ice cave
 18370 | IceCv    | Gained mutation: A demonic guardian rushes to your aid.
                  | [demonic ancestry]
 18370 | IceCv    | Reached XP level 13. HP: 101/107 MP: 22/22
 19538 | Temple   | Entered the Ecumenical Temple
 19569 | Temple   | Became a worshipper of Vehumet
 21165 | Lair:3   | Noticed Gastronok
 21187 | Lair:3   | Killed Gastronok
 21501 | Lair:3   | Noticed Urug
 21538 | Lair:3   | Killed Urug
 21588 | Lair:3   | Found a staircase to the Shoals.
 21788 | Lair:3   | Reached * piety under Vehumet
 21788 | Lair:3   | Offered knowledge of Sting by Vehumet.
 22656 | Lair:4   | Noticed Meegle's ghost (journeyman DEFE)
 23249 | Lair:4   | Reached ** piety under Vehumet
 23301 | Lair:4   | Offered knowledge of Sandblast by Vehumet.
 23643 | Lair:4   | Found a runed translucent gate.
 23643 | Lair:4   | Found a runed translucent gate.
 23643 | Lair:4   | Found a runed translucent gate.
 23846 | Lair:4   | Found a staircase to the Snake Pit.
 24325 | Lair:5   | Offered knowledge of Searing Ray by Vehumet.
 24462 | Lair:5   | Reached *** piety under Vehumet
 24488 | Lair:5   | Reached XP level 14. HP: 47/116 MP: 24/24
 24766 | Lair:5   | Reached skill level 13 in Polearms
 24886 | Lair:5   | Noticed Snorg
 24906 | Lair:5   | Killed Snorg
 25100 | Lair:5   | Found a viscous altar of Jiyva.
 25100 | Lair:5   | Found a staircase to the Slime Pits.
 25310 | Lair:5   | Offered knowledge of Inner Flame by Vehumet.
 25658 | Lair:6   | Entered Level 6 of the Lair of Beasts
 26086 | Lair:6   | Reached **** piety under Vehumet
 27010 | Lair:6   | Offered knowledge of Force Lance by Vehumet.
 27020 | Lair:6   | Gained mutation: Your skin changes colour to match your
                  | surroundings (Stealth+). [potion of mutation]
 27020 | Lair:6   | Gained mutation: Your muscles are strong. (Str +2) [potion
                  | of mutation]
 28870 | Lair:6   | Found a runed translucent door.
 29708 | Lair:6   | Reached ***** piety under Vehumet
 30277 | Orc:1    | Entered Level 1 of the Orcish Mines
 30515 | Orc:1    | Paralysed by an orc sorcerer for 5 turns
 31161 | D:11     | Offered knowledge of Fulminant Prism by Vehumet.
 31977 | Orc:2    | Entered Level 2 of the Orcish Mines
 34128 | Orc:1    | Gained mutation: You regenerate a lot of health from kills.
                  | [demonic ancestry]
 34128 | Orc:1    | Reached XP level 15. HP: 38/125 MP: 27/27
 34855 | Orc:2    | Paralysed by an orc sorcerer for 6 turns
 35098 | Orc:2    | Noticed Rupert
 35100 | Orc:2    | Paralysed by Rupert for 7 turns
 35131 | Orc:2    | Killed Rupert
 35368 | Orc:2    | Noticed Sonja
 35390 | Orc:2    | Cast into level 1 of the Abyss (Sonja)
 35557 | Abyss:1  | Noticed a bone dragon
 35822 | Abyss:1  | HP: 4/187 [bone dragon (6)]
 35833 | Abyss:1  | Killed a bone dragon
 35833 | Abyss:1  | Reached skill level 14 in Polearms
 36043 | Abyss:1  | HP: 4/125 [starcursed mass/accursed screaming (11)]
 36043 | Abyss:1  | Slain by a +1 halberd of venom

Skill      XL: |  1  2  3  4  5  6  7  8  9 10 11 12 13 14 15 |
---------------+----------------------------------------------+-----
Polearms       | 3 4 5 6 7 8 9 10 11 12 13 14 | 14.0
Fighting       | 3 4 5 7 8 9 10 11 12 13 | 13.9
Evocations     | 2 3 4 5 6 7 9 |  9.1
Spellcasting   | 2 4 5 6 7 8 |  8.3
Conjurations   | 2 3 4 5 6 7 8 9 |  9.1
Earth Magic    | 2 4 5 6 7 8 |  8.4
Throwing       | |  1.7
Dodging        | |  2.6

Action                   |  1- 3 |  4- 6 |  7- 9 | 10-12 | 13-15 || total
-------------------------+-------+-------+-------+-------+-------++-------
Melee: Trident           |   112 |   149 |   147 |   953 |  2086 ||  3447
       Kick              |    17 |    21 |    78 |       |       ||   116
       Dagger            |       |       |   304 |   571 |   192 ||  1067
       Staff             |       |       |    10 |   346 |    86 ||   442
Throw: Throwing net      |       |     2 |       |     1 |     3 ||     6
  Use: Potion            |       |       |     3 |     1 |    22 ||    26
       Scroll            |       |       |     1 |     4 |    14 ||    19
 Stab: Held in net/web   |       |     3 |       |       |       ||     3
       Distracted        |       |     1 |     2 |    12 |    13 ||    28
       Sleeping          |       |       |     3 |       |       ||     3
  Eat: Chunk             |       |     3 |    23 |    44 |    60 ||   130
       Ration            |       |       |     1 |       |       ||     1
Armor: Leather armour    |    29 |    63 |    62 |       |       ||   154
       Ring mail         |       |       |   131 |   782 |  1159 ||  2072
       Skin              |       |       |       |       |   130 ||   130
Dodge: Dodged            |    82 |   118 |   245 |   873 |  1125 ||  2443
